 Dungeon Crawl Stone Soup version 0.32-a0-120-gfac0567ad4 (webtiles) character file.

Game seed: 7050190127328833479

128675 promet the Eclecticist (level 16, -11/79 HPs)
             Began as a Deep Elf Alchemist on Jan 31, 2024.
             Was the Champion of Hepliaklqana.
             Drowned by a water elemental (14 damage)
             ... on level 3 of the Shoals on Feb 6, 2024.
             The game lasted 07:20:01 (66064 turns).

promet the Eclecticist (Deep Elf Alchemist)        Turns: 66064, Time: 07:20:02

Health: -11/79     AC: 27    Str:  7    XL:     16   Next: 48%
Magic:  40/40      EV: 13    Int: 27    God:    Hepliaklqana [******]
Gold:   3660       SH:  0    Dex: 15    Spells: 10/51 levels left

rFire   . . .        w - +3 war axe
rCold   + . .        (no shield)
rNeg    . . .        X - +1 acid dragon scales
rPois   .            o - +2 helmet {SInv}
rElec   .            u - +2 cloak
rCorr   +            (no gloves)
SInv    +            Z - +2 pair of boots
Will    ++...        F - amulet of regeneration
Stlth   +++          z - +4 ring of protection
HPRegen 1.13/turn    Y - +4 ring of protection
MPRegen 0.27/turn

%: no passive effects
@: mighty, engulfed (cannot breathe)
A: reduced essence, iridescent scales 1, cold resistance 1, frail 1,
strong-willed 1
a: Renounce Religion, Recall Ancestor, Ancestor Identity, Transference, Idealise


You were on level 3 of the Shoals.
You worshipped Hepliaklqana.
Hepliaklqana was exalted by your worship.
You visited 5 branches of the dungeon, and saw 26 of its levels.

You collected 4755 gold pieces.
You spent 1095 gold pieces at shops.

Inventory:

Hand Weapons
 a - the +6 dagger of the Devouring Gods {flame, rPois Str+2 Dex+3 SInv}
   (You found it on level 7 of the Dungeon)

   Str+2:     It affects your strength (+2).
   Dex+3:     It affects your dexterity (+3).
   rPois:     It protects you from poison SInv: It lets you see invisible.
 b - a +2 arbalest of draining
 c - a +4 rapier of holy wrath
 p - a +5 halberd
 w - a +3 war axe (weapon)
 G - a +2 dagger of venom
 T - a +3 great sword
 W - a +2 heavy hand axe
Missiles
 j - 26 boomerangs
 s - 3 throwing nets
 C - 37 poisoned darts (quivered)
Armour
 o - a +2 helmet of see invisible (worn)
 u - a +2 cloak (worn)
 R - a +0 buckler of poison resistance
 X - +1 acid dragon scales (worn)
 Z - a +2 pair of boots (worn)
Magical Staves
 N - a staff of air
 S - a staff of death
Jewellery
 d - a ring of willpower
 e - an amulet of faith
 m - a ring of wizardry
 z - a +4 ring of protection (left hand)
 F - an amulet of regeneration (around neck)
 J - a ring of see invisible
 K - a ring of protection from cold
 P - a +6 ring of dexterity
 Q - a ring of protection from fire
 Y - a +4 ring of protection (right hand)
Wands
 n - a wand of roots (19)
 r - a wand of light (14)
 t - a wand of flame (66)
 H - a wand of charming (17)
Scrolls
 f - 2 scrolls of fog
 l - 7 scrolls of teleportation
 v - 3 scrolls of revelation
 E - a scroll of silence
 I - a scroll of poison
Potions
 g - 10 potions of curing
 i - 3 potions of resistance
 q - 2 potions of haste
 x - 2 potions of might
 A - 2 potions of cancellation
 B - 4 potions of enlightenment
 D - 5 potions of brilliance
 L - a potion of berserk rage
 M - 6 potions of lignification
 U - 2 potions of mutation
Miscellaneous
 h - a box of beasts
 y - a phantom mirror
 O - a lightning rod (4/4)
 V - a condenser vane


   Skills:
 * Level 10.6 Fighting
 + Level 5.7(6.2) Short Blades
 + Level 3.0(4.5) Long Blades
 + Level 2.8 Polearms
 + Level 9.5 Ranged Weapons
 + Level 1.0 Throwing
 + Level 4.1 Armour
 + Level 6.4 Dodging
 + Level 7.1 Stealth
 + Level 18.4 Spellcasting
 + Level 8.8 Conjurations
 + Level 0.3 Summonings
 + Level 8.8 Fire Magic
 + Level 2.1 Ice Magic
 + Level 3.6 Air Magic
 + Level 4.6 Earth Magic
 + Level 13.3 Alchemy
 * Level 6.5 Invocations
 + Level 8.1 Evocations


You had 10 spell levels left.
You knew the following spells:

 Your Spells              Type           Power      Damage    Failure   Level
a - Sting                 Conj/Alch      100%       1d9       1%          1
b - Mercury Vapours       Alch/Air       100%       N/A       1%          2
c - Foxfire               Conj/Fire      100%       2x1d9     1%          1
d - Mephitic Cloud        Conj/Alch/Air  63%        N/A       1%          3
e - Olgreb's Toxic Radia  Alch           77%        N/A       1%          4
f - Sticky Flame          Fire/Alch      71%        2d11      1%          4
g - Stone Arrow           Conj/Erth      100%       3d13      1%          3
h - Passwall              Erth           49%        N/A       1%          3
i - Ignite Poison         Fire/Alch      71%        N/A       1%          4
j - Summon Ice Beast      Ice/Summ       31%        N/A       6%          3
k - Hailstorm             Conj/Ice       53%        3d10      1%          3
l - Eringya's Noxious Bo  Alch           38%        4d6       1%          6
m - Animate Armour        Summ/Erth      76%        N/A       12%         4

Your spell library contained the following spells:

 Spells                   Type           Power      Damage    Failure   Level
 Sandblast                Erth           98%        2d20      1%          1
 Cigotuvi's Dreadful Rot  Necr/Alch/Air  100%       N/A       1%          2
 Brom's Barrelling Bould  Conj/Erth      57%        2d7       1%          4
 Leda's Liquefaction      Alch/Erth      32%        N/A       1%          4
 Petrify                  Alch/Erth      65%        N/A       1%          4
 Alistair's Intoxication  Alch           51%        N/A       1%          5
 Irradiate                Conj/Alch      35%        3d23      1%          5
 Necrotise                Necr           96%        1d8       3%          1
 Ensorcelled Hibernation  Hex/Ice        60%        N/A       3%          2
 Sublimation of Blood     Necr           24%        N/A       4%          2
 Fugue of the Fallen      Necr           24%        N/A       10%         3
 Vampiric Draining        Necr           24%        2d7       10%         3
 Freezing Cloud           Conj/Ice/Air   25%        6-21      12%         5
 Starburst                Conj/Fire      32%        6d10      13%         6
 Lee's Rapid Deconstruct  Erth           24%        3d13*     14%         5
 Sculpt Simulacrum        Ice/Alch       30%        N/A       21%         6
 Martyr's Knell           Necr/Summ      25%        N/A       30%         4
 Bombard                  Conj/Erth      28%        9d5       30%         6
 Anguish                  Hex/Necr       12%        N/A       32%         4
 Borgnjor's Vile Clutch   Necr/Erth      18%        N/A       34%         5
 Conjure Ball Lightning   Conj/Air       27%        3x3d8     36%         6
 Plasma Beam              Fire/Air       27%        2x1d40    36%         6
 Summon Forest            Summ/Tloc      12%        N/A       63%         5
 Summon Mana Viper        Hex/Summ       25%        N/A       63%         5
 Curse of Agony           Necr           24%        N/A       65%         5
 Summon Cactus Giant      Summ           13%        N/A       99%         6
 Discord                  Hex            12%        N/A       100%        8
 Disjunction              Tloc           12%        N/A       100%        8
 Lehudib's Crystal Spear  Conj/Erth      28%        10d8      100%        8


Dungeon Overview and Level Annotations

Branches:
Dungeon (15/15)            Temple (1/1) D:4            Lair (5/5) D:10
 Shoals (3/4) Lair:2        Snake (0/4) Lair:2        Slime (0/5) Lair:4
    Orc (2/2) D:9             Elf (0/3) Orc:2        Vaults (0/5) D:14
 Depths (0/4) D:15

Altars:
Ashenzari
Cheibriados
Dithmenos
Elyvilon
Fedhas
Gozag
Hepliaklqana
Kikubaaqudgha
Makhleb
Nemelex Xobeh
Okawaru
Qazlal
Ru
Sif Muna
Trog
Uskayaw
Vehumet
Wu Jian
Xom
Yredelemnul
Zin
The Shining One
Jiyva

Shops:
D:6 [   D:15 *   Orc:2 [?(!   Shoals:2 [

Annotations:
D:2 Terence
D:8 1 runed translucent door, jasper's ghost, novice DEEE
D:15 3 runed translucent doors, exclusion: obsidian statue, Bekuax's ghost, journeyman DgAl
Shoals:1 6 transporters
Shoals:3 Ilsuiw


Innate Abilities, Weirdness & Mutations

Your life essence is reduced to manifest your ancestor. (-10% HP)
You are partially covered in iridescent scales. (AC +2)
Your flesh is cold resistant. (rC+)
You are frail. (-10% HP)
You are strong-willed. (Will+)


Message History

The harpy claws you but does no damage. x2; The harpy misses you.
The harpy barely misses you. The water elemental hits you.
The harpy barely misses Eideard. x2; The harpy misses you.
The harpy claws you but does no damage.
You feel much better.
* * * LOW HITPOINT WARNING * * *
Your lungs strain for air!
The harpy claws you!
* * * LOW HITPOINT WARNING * * *
The harpy claws you but does no damage.
Eideard hits the harpy with a +0 broad axe of flaming!
Eideard burns the harpy.
The harpy dies!
Eideard closely misses the harpy.
Eideard hits the harpy with a +0 broad axe of flaming.
Eideard burns the harpy.
The harpy claws you.
* * * LOW HITPOINT WARNING * * *
The harpy misses you. The water elemental hits you.
The harpy claws you but does no damage. The harpy closely misses you.
You feel very mighty all of a sudden.
* * * LOW HITPOINT WARNING * * *
Your lungs strain for air!
The harpy barely misses you. The harpy claws you but does no damage.
The water elemental barely misses you. The harpy barely misses you.
The harpy claws you.
* * * LOW HITPOINT WARNING * * *
You feel much better.
* * * LOW HITPOINT WARNING * * *
Your lungs strain for air!
The harpy claws you!
* * * LOW HITPOINT WARNING * * *
The harpy claws you.
* * * LOW HITPOINT WARNING * * *
The harpy claws you but does no damage. x2; The water elemental hits you.
The harpy claws you but does no damage. x2
You slash the water elemental!
The water elemental is moderately damaged.
You hit the harpy. You slash the harpy!
You die...
Hepliaklqana delivers you to your ancestors.

≈≈≈≈≈≈≈~~~~~.#
≈≈≈≈≈≈≈≈≈≈≈~~~~~.#
≈≈≈≈≈≈≈≈≈≈≈≈~~~~.)#
≈≈≈≈≈≈≈≈≈≈≈≈~~~..#
≈≈≈≈≈≈≈≈≈≈≈~~~~..####~
≈≈≈≈≈≈≈≈~~~~~~~....>~~
≈≈≈≈≈≈~~~~~~~~~~..~~~.
≈≈≈≈≈≈≈~~~~~~H~R~~.~~~~~
≈≈≈≈≈≈~~~~~.H@~H~~~~~~~~
≈≈≈≈≈~~~~~.###E~~≈~~~≈≈~
≈≈≈≈~~~~~.## #.~~≈≈≈≈≈≈≈
≈≈≈~~~~~..####.~~≈≈≈≈≈≈≈
≈≈≈~~........÷.~≈≈≈≈≈≈≈~
≈≈~~~........)~~≈≈≈≈≈≈≈~
≈~~~.).......~~~≈≈≈≈≈≈~~
≈~~~~..##..##.~~≈≈≈≈≈≈~
≈~~~~.###~.#.!~~~≈≈≈≈≈~


You could see the friendly Eideard the knight, a water elemental and 3 harpies.

Vanquished Creatures
  Kirke (Shoals:1)
  Gastronok (D:11)
  Aizul (Shoals:1)
  An ironbound preserver (D:14)
  A dire elephant (D:15)
  Snorg (D:10)
  3 merfolk impalers
  3 hydras
  4 centaur warriors
  2 satyrs
  5 boulder beetles
  2 catoblepae
  6 two-headed ogres
  A merfolk avatar (Shoals:2)
  5 death yaks
  2 tengu warriors (D:13)
  A hell hog (Lair:5)
  2 orc high priests (Orc:2)
  3 skysharks
  3 skeletal warriors (D:14)
  2 sea snakes
  A lindwurm (Lair:2)
  Pikel (D:8)
  5 orc knights
  6 deep elf pyromancers
  6 orc sorcerers
  10 harpies
  3 ugly things
  8 fauns
  A wolf spider (D:15)
  9 manticores
  2 kobold blastminers (Orc:2)
  6 merfolk sirens (Shoals:3)
  3 elephants (Lair:5)
  A meliai (D:8)
  6 black mambas
  Joseph (D:8)
  A torpor snail (Lair:5)
  2 water nymphs
  16 cane toads
  A gargoyle (D:14)
  An unseen horror (D:11)
  12 komodo dragons
  2 rime drakes
  9 merfolk
  7 trolls
  3 wind drakes
  10 polar bears
  2 hornets (D:9)
  4 blink frogs (Lair:2)
  5 dream sheep (Lair:5)
  2 centaur simulacra (D:14)
  8 slime creatures
  3 shadows
  Sigmund (D:4)
  5 wraiths
  22 yaks
  4 hogs (Shoals:1)
  9 basilisks
  4 wargs (Lair:5)
  7 wyverns
  2 steam dragons (D:7)
  10 vampire mosquitoes
  A naga (Lair:2)
  3 acid dragons
  12 water moccasins
  10 hell hounds (Lair:5)
  A swamp drake (Lair:4)
  An ice beast (D:5)
  16 orc warriors
  9 black bears
  10 ogres
  29 wolves
  3 centaurs
  2 lemures (D:8)
  3 phantoms
  3 kobold brigands
  18 bullfrogs
  A wyvern zombie (D:7)
  14 wights
  3 scorpions
  A water moccasin zombie (D:7)
  8 killer bees
  6 howler monkeys
  An electric eel (Lair:2)
  4 centaur zombies (D:7)
  3 bullfrog zombies (D:7)
  6 hounds
  2 bombardier beetles
  17 orc priests
  2 gnoll boudas
  4 sleepcaps
  20 orc wizards
  A hell rat (Lair:2)
  4 killer bee zombies (D:7)
  3 howler monkey zombies (D:7)
  Robin (D:2)
  8 gnolls
  7 adders
  2 shadow imps
  14 white imps
  3 ufetubi
  3 ribbon worms
  2 dart slugs
  66 orcs
  4 bats
  4 endoplasms
  2 giant cockroaches (D:2)
  18 goblins
  12 hobgoblins
  18 kobolds
  2 quokkas
  8 ball pythons
  4 frilled lizards
  3 rats (D:3)
673 creatures vanquished.

Vanquished Creatures (collateral kills)
  A merfolk impaler (Shoals:2)
  3 hydras
  A catoblepas (Lair:2)
  A merfolk avatar (Shoals:3)
  A boulder beetle (D:14)
  A satyr (Shoals:3)
  A two-headed ogre (D:12)
  An alligator snapping turtle (Shoals:2)
  A death yak (Lair:4)
  2 tengu warriors (D:14)
  2 orc high priests
  Urug (Lair:2)
  2 skysharks
  A salamander mystic (D:15)
  A sea snake (Shoals:3)
  3 harpies
  2 deep elf zephyrmancers (D:13)
  A faun (Shoals:3)
  A deep elf pyromancer (D:13)
  2 manticores
  An ugly thing (D:12)
  An elephant (Lair:5)
  A cyclops (D:12)
  2 black mambas
  A cane toad (Lair:4)
  2 rime drakes
  6 komodo dragons
  2 trolls (D:14)
  A polar bear (Lair:5)
  3 blink frogs (Lair:2)
  5 dream sheep (Lair:5)
  10 slime creatures
  9 yaks
  A water elemental (Shoals:2)
  A wyvern (Lair:2)
  4 wraiths
  A hog (Shoals:1)
  5 basilisks
  A steam dragon (Lair:4)
  8 vampire mosquitoes
  An acid dragon (D:13)
  2 water moccasins (Lair:2)
  7 hell hounds (Lair:5)
  4 orc warriors
  4 black bears
  An ogre (Orc:1)
  2 centaurs
  3 wolves (Lair:5)
  A laughing skull (D:14)
  4 bullfrogs
  A scorpion (D:10)
  A howler monkey (D:13)
  An orc priest (Orc:2)
  2 orc wizards
  3 hell rats (Lair:2)
  2 white imps (Lair:3)
  8 orcs
  A foxfire (Lair:2)
142 creatures vanquished.

Vanquished Creatures (others)
  A deep elf pyromancer (D:13)
  A wolf (Lair:5)
  15 knights
  8 ancestors
  An orc (Orc:2)
  629 foxfires
655 creatures vanquished.

Grand Total: 1470 creatures vanquished

Notes
Turn   | Place    | Note
-------+----------+-------------------------------------------
     0 | D:1      | promet the Deep Elf Alchemist began the quest for the Orb.
     0 | D:1      | Reached XP level 1. HP: 10/10 MP: 6/6
   784 | D:1      | Reached XP level 2. HP: 15/15 MP: 4/8
  1638 | D:2      | Learned a level 2 spell: Mercury Vapours
  2418 | D:2      | Noticed Robin
  2897 | D:2      | Reached XP level 3. HP: 10/20 MP: 6/10
  3242 | D:2      | Killed Robin
  3246 | D:2      | Reached XP level 4. HP: 24/24 MP: 7/11
  3401 | D:2      | Noticed Terence
  3430 | D:2      | Reached skill level 1 in Fighting
  3541 | D:3      | Found a burning altar of Makhleb.
  3541 | D:3      | Found an ancient bone altar of Kikubaaqudgha.
  3612 | D:2      | Reached skill level 4 in Spellcasting
  3670 | D:3      | Found a white marble altar of Elyvilon.
  3680 | D:3      | Learned a level 1 spell: Foxfire
  3697 | D:3      | Found a broken altar of Ashenzari.
  3725 | D:3      | Reached XP level 5. HP: 29/29 MP: 11/13
  4122 | D:3      | Reached skill level 1 in Short Blades
  4613 | D:4      | You fall into a shaft and drop 1 floor!
  4613 | D:5      | Entered Level 5 of the Dungeon
  4676 | D:5      | Noticed an ogre
  4690 | D:5      | Killed an ogre
  4691 | D:5      | Reached skill level 1 in Air Magic
  4847 | D:5      | Reached XP level 6. HP: 35/35 MP: 11/15
  5284 | D:5      | Found a snail-covered altar of Cheibriados.
  5537 | D:5      | Reached skill level 5 in Spellcasting
  5568 | D:5      | Reached skill level 1 in Fire Magic
  5764 | D:4      | Noticed Sigmund
  6114 | D:4      | Killed Sigmund
  6115 | D:4      | Reached XP level 7. HP: 40/40 MP: 8/17
  6391 | D:4      | Reached skill level 6 in Spellcasting
  6661 | D:4      | Found a staircase to the Ecumenical Temple.
  6741 | D:5      | Learned a level 3 spell: Mephitic Cloud
  7692 | D:5      | Reached XP level 8. HP: 46/46 MP: 16/20
  7767 | D:5      | Reached skill level 5 in Alchemy
  7803 | D:5      | Reached skill level 7 in Spellcasting
  8805 | D:6      | Learned a level 4 spell: Olgreb's Toxic Radiance
  9194 | D:6      | Found a radiant altar of Vehumet.
  9332 | D:6      | Learned a level 4 spell: Sticky Flame
  9397 | D:6      | Found Tienuini's Antique Armour Shoppe.
  9672 | D:7      | Reached skill level 1 in Ranged Weapons
 10508 | D:7      | Reached skill level 8 in Spellcasting
 10697 | D:6      | Reached XP level 9. HP: 52/52 MP: 18/23
 11288 | D:7      | Reached skill level 1 in Long Blades
 11719 | D:7      | Reached skill level 5 in Conjurations
 12470 | D:7      | Reached skill level 9 in Spellcasting
 12552 | D:7      | Reached skill level 5 in Dodging
 13041 | D:7      | Reached skill level 1 in Polearms
 13108 | D:7      | Noticed a troll
 13655 | Temple   | Entered the Ecumenical Temple
 13706 | Temple   | Became a worshipper of Hepliaklqana the Forgotten
 13875 | D:4      | Reached XP level 10. HP: 58/58 MP: 25/25
 13877 | D:4      | Reached skill level 5 in Fighting
 14986 | D:7      | Reached skill level 10 in Spellcasting
 15609 | D:7      | Identified the +6 dagger of the Devouring Gods {flame,
                  | rPois Str+2 Dex+3 SInv}
 15729 | D:8      | Noticed Pikel
 15733 | D:8      | Killed Pikel
 16044 | D:8      | Found a runed translucent door.
 16063 | D:8      | Noticed Joseph
 16094 | D:8      | Killed Joseph
 16575 | D:8      | Found a shimmering altar of Xom.
 16575 | D:8      | Noticed jasper's ghost (novice DEEE)
 16575 | D:8      | Noticed a +0 falchion of chaos
 16632 | D:8      | Gained mutation: You do not regenerate when monsters are
                  | visible. [potion of mutation]
 16632 | D:8      | Gained mutation: You are somewhat resistant to further
                  | mutation. [potion of mutation]
 16781 | D:8      | Noticed a deep elf pyromancer
 16790 | D:8      | Killed a deep elf pyromancer
 16848 | D:8      | Reached skill level 1 in Evocations
 17143 | D:8      | Noticed a boulder beetle
 17146 | D:8      | Noticed a centaur warrior
 17157 | D:8      | Killed a boulder beetle
 17170 | D:8      | Killed a centaur warrior
 17171 | D:8      | Reached skill level 1 in Throwing
 17171 | D:8      | Reached skill level 11 in Spellcasting
 17227 | D:8      | Noticed a meliai
 17230 | D:8      | Killed a meliai
 17231 | D:8      | Reached XP level 11. HP: 50/64 MP: 19/28
 17371 | D:8      | Noticed a centaur warrior
 17386 | D:8      | Killed a centaur warrior
 17435 | D:8      | Noticed a cyan ugly thing
 17443 | D:8      | Killed a cyan ugly thing
 17444 | D:8      | Reached skill level 5 in Stealth
 17679 | D:8      | Noticed a five-headed hydra
 18097 | D:9      | Noticed a two-headed ogre
 18111 | D:9      | Killed a two-headed ogre
 19466 | D:9      | Reached * piety under Hepliaklqana
 19482 | D:9      | Reached skill level 12 in Spellcasting
 19735 | D:9      | Found a staircase to the Orcish Mines.
 19838 | D:9      | Reached skill level 5 in Short Blades
 20007 | D:8      | Killed a five-headed hydra
 20379 | D:10     | Entered Level 10 of the Dungeon
 20379 | D:10     | Noticed Snorg
 20387 | D:10     | Killed Snorg
 20388 | D:10     | Reached skill level 5 in Fire Magic
 20996 | D:10     | Found a staircase to the Lair.
 22448 | Lair:1   | Entered Level 1 of the Lair of Beasts
 22714 | Lair:1   | Reached XP level 12. HP: 63/63 MP: 21/30
 23507 | Lair:1   | Learned a level 3 spell: Stone Arrow
 23537 | Lair:1   | Noticed a catoblepas
 23573 | Lair:1   | Killed a catoblepas
 23767 | Lair:1   | Reached skill level 13 in Spellcasting
 24313 | Lair:1   | Reached skill level 1 in Earth Magic
 24816 | Lair:1   | Reached ** piety under Hepliaklqana
 24817 | Lair:1   | Remembered your ancestor Eideard as a knight
 24960 | Lair:1   | Reached skill level 1 in Armour
 24960 | Lair:1   | Reached skill level 5 in Evocations
 25858 | Lair:2   | Found a staircase to the Shoals.
 28525 | Lair:2   | Noticed Urug
 28536 | Lair:2   | Killed Urug
 29059 | Lair:2   | Reached XP level 13. HP: 68/68 MP: 29/32
 29690 | Lair:2   | Reached skill level 10 in Alchemy
 30573 | Lair:2   | Found a staircase to the Snake Pit.
 31887 | Lair:3   | Found a frozen archway.
 33161 | Lair:4   | Reached skill level 14 in Spellcasting
 34202 | Lair:4   | Reached skill level 5 in Ranged Weapons
 34408 | Lair:4   | Reached *** piety under Hepliaklqana
 34471 | Lair:4   | Learned a level 3 spell: Passwall
 34613 | Lair:4   | Found a viscous altar of Jiyva.
 34613 | Lair:4   | Found a staircase to the Slime Pits.
 35368 | Lair:5   | Entered Level 5 of the Lair of Beasts
 36534 | Lair:5   | Learned a level 4 spell: Ignite Poison
 36684 | Lair:5   | Reached XP level 14. HP: 70/75 MP: 13/34
 37597 | Lair:5   | Reached skill level 15 in Spellcasting
 38654 | Lair:5   | Reached **** piety under Hepliaklqana
 41585 | Lair:5   | Identified the serpent talisman "Miuzept" {Stlth+}
 41819 | Lair:5   | Learned a level 3 spell: Summon Ice Beast
 44157 | D:11     | Found an ornate altar of the Wu Jian Council.
 44277 | D:11     | Noticed Gastronok
 44290 | D:11     | Killed Gastronok
 44291 | D:11     | Reached skill level 1 in Ice Magic
 44976 | D:11     | Reached skill level 16 in Spellcasting
 45119 | Orc:1    | Entered Level 1 of the Orcish Mines
 45790 | Orc:2    | Entered Level 2 of the Orcish Mines
 47390 | Orc:2    | Found a staircase to the Elven Halls.
 48023 | Orc:2    | Reached skill level 1 in Invocations
 48638 | Orc:2    | Reached XP level 15. HP: 48/81 MP: 13/37
 49564 | Orc:2    | Found Umia's Distillery.
 49564 | Orc:2    | Found Ryruipso's Weapon Boutique.
 49566 | Orc:2    | Found Bocrap's Magic Scroll Emporium.
 49566 | Orc:2    | Found Ezeppit's Armour Boutique.
 49573 | Orc:2    | Bought a potion of mutation for 120 gold pieces
 49573 | Orc:2    | Lost mutation: You are somewhat resistant to further
                  | mutation. [potion of mutation]
 49573 | Orc:2    | Lost mutation: You do not regenerate when monsters are
                  | visible. [potion of mutation]
 49573 | Orc:2    | Gained mutation: You are partially covered in iridescent
                  | scales. (AC +2) [potion of mutation]
 49573 | Orc:2    | Gained mutation: You are frail. (-10% HP) [potion of
                  | mutation]
 49573 | Orc:2    | Gained mutation: You are strong-willed. (Will+) [potion of
                  | mutation]
 49573 | Orc:2    | Gained mutation: Your flesh is cold resistant. (rC+)
                  | [potion of mutation]
 49574 | Orc:2    | Bought 2 potions of curing for 90 gold pieces
 49578 | Orc:2    | Bought a scroll of teleportation for 33 gold pieces
 49578 | Orc:2    | Bought 2 scrolls of enchant armour for 165 gold pieces
 49578 | Orc:2    | Bought a scroll of enchant weapon for 82 gold pieces
 49578 | Orc:2    | Bought a scroll of acquirement for 572 gold pieces
 49578 | Orc:2    | Bought a scroll of teleportation for 33 gold pieces
 49582 | Orc:2    | Acquired 741 gold pieces
 50356 | Orc:1    | You fall into a shaft and drop 1 floor!
 50667 | D:11     | Learned a level 3 spell: Hailstorm
 51406 | D:12     | Upgraded the game from 0.32-a0-42-ga30500b4d3 to
                  | 0.32-a0-86-g8db1b9f803
 51823 | D:12     | Found a bloodstained altar of Trog.
 53170 | D:13     | Reached ***** piety under Hepliaklqana
 55114 | D:14     | Reached skill level 17 in Spellcasting
 55937 | D:14     | Found a gate to the Vaults.
 56771 | D:14     | Reached skill level 10 in Fighting
 57326 | D:15     | Entered Level 15 of the Dungeon
 57474 | D:15     | Found a runed translucent gate.
 57480 | D:15     | Found a runed translucent gate.
 57481 | D:15     | Found a runed translucent gate.
 57481 | D:15     | Found an opulent altar of Gozag.
 57486 | D:15     | Found Yblan's Assorted Antiques.
 57486 | D:15     | Noticed Bekuax's ghost (journeyman DgAl)
 57486 | D:15     | Noticed an iron dragon
 57941 | D:15     | Learned a level 6 spell: Eringya's Noxious Bog
 58587 | D:15     | Found a staircase to the Depths.
 58720 | D:15     | Found a sacrificial altar of Ru.
 59721 | Shoals:1 | Entered Level 1 of the Shoals
 59739 | Shoals:1 | Identified the serpent talisman "Maly" {rElec Str+3}
 59739 | Shoals:1 | Noticed Aizul
 59758 | Shoals:1 | Killed Aizul
 60130 | Shoals:1 | Identified the +10 dagger "Diber" {freeze, ^Fragile rCorr
                  | Str+4}
 60167 | Shoals:1 | Reached skill level 5 in Invocations
 60290 | Shoals:1 | Found a transporter.
 60293 | Shoals:1 | Found a transporter.
 60320 | Shoals:1 | Found a transporter.
 60339 | Shoals:1 | Found a transporter.
 60646 | Shoals:1 | Found a transporter.
 60652 | Shoals:1 | Found a transporter.
 60817 | Shoals:1 | Reached XP level 16. HP: 65/77 MP: 8/39
 61165 | Shoals:1 | Noticed Kirke
 61171 | Shoals:1 | Killed Kirke
 61636 | Shoals:1 | Identified the +8 shortbow of Qazlal's Outrage {antimagic,
                  | rC++ Int+5}
 61658 | Shoals:2 | Found Ittuph's Antique Armour Emporium.
 61765 | Shoals:2 | Reached skill level 18 in Spellcasting
 63471 | Shoals:2 | Learned a level 4 spell: Animate Armour
 63479 | Shoals:2 | Upgraded the game from 0.32-a0-86-g8db1b9f803 to
                  | 0.32-a0-120-gfac0567ad4
 63554 | Shoals:2 | Reached ****** piety under Hepliaklqana
 63645 | Shoals:2 | Acquired 589 gold pieces
 64356 | Shoals:3 | Noticed a kraken
 65211 | Shoals:3 | Noticed Ilsuiw
 66062 | Shoals:3 | HP: 3/79 [drowned by a water elemental (9)]
 66064 | Shoals:3 | Drowned by a water elemental

Illustrated notes

Levels and vault maps discovered:
D:1:      minmay_arrival_diagonal_passages, layout_loops_corners,
          minmay_misc_feat_four_crosses
D:2:      layout_loops_ring, dk_noncrumbling_4, uniq_robin, uniq_terence
D:3:      layout_rooms, nicolae_overflow_macrodata_refinement,
          grunt_ministairs_5
D:4:      layout_loops_ring, minmay_temple_entry_drinking_statues,
          gup_sewer_entry_glass, uniq_sigmund
D:5:      layout_gridville, kennysheep_slug_shrine
D:6:      layout_cave_pools, nicolae_vehumet_radiance, serial_shops,
          nicolae_shop_statue_plus, chequers_serial_rivers_marsh,
          chequers_serial_rivers_small_a
D:7:      minmay_the_grid_triangle_9x9_rhombus_thin
          [minmay_the_grid_triangle_9x9_flanged_cone,
          minmay_the_grid_triangle_9x9_prize_insulated,
          minmay_the_grid_triangle_9x9_empty,
          minmay_the_grid_triangle_9x9_impossible_snake], layout_basic,
          serial_undead, serial_undead_c, serial_undead_a, serial_undead_f,
          serial_undead_e, serial_undead_d, serial_undead_a, serial_undead_f,
          serial_undead_d
D:8:      layout_cave_pools, serial_glass, glass_columns_c, glass_columns_a,
          minmay_strange_pillars, ebering_ghost_xom, minmay_evil_grid,
          uniq_joseph, uniq_pikel
D:9:      layout_big_octagon, david_orc_5, kennysheep_generic_room_14
D:10:     layout_roguey, due_lair_maze_entry_diamond, uniq_snorg
D:11:     layout_roguey, pdpol_wu_jian_five_deadly_venoms, uniq_gastronok
D:12:     layout_roguey, minmay_misc_feat_more_columns, trog_hazing_becter
D:13:     layout_roguey, elves_outpost_lemuel
D:14:     layout_stronghold, skrybe_vaults_entry_preservation,
          nicolae_benzene_ring
D:15:     hangedman_depths_entry_try_elsewhere_first, layout_loops_corners,
          ebering_ghost_gozag, nicolae_ru_path_of_blood
Temple:   nicolae_temple_elliptical
Lair:1:   layout_loops_ring, grunt_megastairs_4
Lair:2:   regret_index_malice_mire, layout_regular_city,
          minmay_shoals_entry_beasts, guppyfry_snake_entry_island,
          serial_bayou_shore_a, uniq_urug
Lair:3:   layout_roguey, portal_ice_cave_entry_imps, st_stairs_9
Lair:4:   layout_loops_ring, dpeg_slime_entry_enclosed, guppyfry_lair_drakes
Lair:5:   hangedman_lair_caniforms_friends, layout_hall_layers,
          serial_bayou_shore_b
Shoals:1: layout_shoals, serial_nicolae_subway, nicolae_sub_station_stone,
          nicolae_sub_station_metal, nicolae_sub_station_crystal, uniq_aizul,
          uniq_kirke
Shoals:2: layout_shoals, serial_shops, nicolae_shop_tiny_glass
Shoals:3: layout_shoals, uniq_ilsuiw
Orc:1:    layout_diamond_mine, basic_altar
Orc:2:    grunt_orc_tribal_feast, layout_caves, nicolae_orc_tapped_out

Skill      XL: |  1  2  3  4  5  6  7  8  9 10 11 12 13 14 15 16 |
---------------+-------------------------------------------------+-----
Stealth        | 3 4 5 6 7 |  7.1
Dodging        | 3 4 5 6 |  6.4
Fighting       | 1 2 3 4 5 6 7 8 9 10 | 10.6
Spellcasting   | 4 5 6 8 9 11 12 13 14 16 17 18 | 18.4
Conjurations   | 2 3 4 5 6 7 8 |  8.8
Short Blades   | 1 2 3 5 |  5.7
Air Magic      | 1 2 3 |  3.6
Alchemy        | 4 5 6 7 8 9 10 12 13 | 13.3
Fire Magic     | 1 2 3 4 5 6 7 8 |  8.8
Ranged Weapons | 1 3 4 5 7 9 |  9.5
Long Blades    | 3 |  3.0
Polearms       | 1 2 |  2.8
Evocations     | 1 3 6 8 |  8.1
Throwing       | 1 |  1.0
Earth Magic    | 2 3 4 |  4.6
Armour         | 1 2 3 4 |  4.1
Ice Magic      | 1 2 |  2.1
Invocations    | 1 5 6 |  6.5
Summonings     | |  0.3

Action                     |  1- 3 |  4- 6 |  7- 9 | 10-12 | 13-15 | 16-18 || total
---------------------------+-------+-------+-------+-------+-------+-------++-------
  Melee: Short sword       |    37 |       |       |       |       |       ||    37
         Dagger            |    12 |    37 |    84 |   111 |   146 |    13 ||   403
         Punch             |       |       |     2 |     1 |    14 |     2 ||    19
         Halberd           |       |       |    36 |    17 |     9 |       ||    62
         Great sword       |       |       |    28 |       |       |       ||    28
         Rapier            |       |       |       |       |    26 |       ||    26
         Whip              |       |       |       |       |     3 |       ||     3
         War axe           |       |       |       |       |       |     7 ||     7
   Fire: Sling             |       |       |    12 |       |       |       ||    12
         Shortbow          |       |       |       |   130 |   134 |       ||   264
         Arbalest          |       |       |       |       |   169 |    52 ||   221
  Throw: Boomerang         |     2 |     1 |     2 |     7 |    31 |     2 ||    45
         Dart              |       |       |       |     1 |     2 |     2 ||     5
   Cast: Sting             |    51 |    37 |    46 |    22 |    40 |     4 ||   200
         Mercury Vapours   |     7 |    15 |     6 |    32 |    18 |     1 ||    79
         Foxfire           |       |    44 |   116 |    81 |   129 |     6 ||   376
         Mephitic Cloud    |       |       |    13 |    18 |    22 |     1 ||    54
         Sticky Flame      |       |       |    29 |    64 |    73 |     5 ||   171
         Olgreb's Toxic Ra |       |       |     9 |    76 |   162 |    32 ||   279
         Stone Arrow       |       |       |       |    32 |   148 |    27 ||   207
         Ignite Poison     |       |       |       |       |    81 |    25 ||   106
         Summon Ice Beast  |       |       |       |       |    15 |     6 ||    21
         Hailstorm         |       |       |       |       |     7 |     4 ||    11
         Eringya's Noxious |       |       |       |       |     4 |     1 ||     5
         Animate Armour    |       |       |       |       |       |     1 ||     1
 Invoke: Recall Ancestor   |       |       |       |     6 |    11 |     6 ||    23
         Ancestor Life: Kn |       |       |       |     1 |       |       ||     1
  Evoke: Wand              |       |     1 |       |     1 |       |       ||     2
         Lightning rod     |       |       |       |     2 |     1 |       ||     3
         Phantom mirror    |       |       |       |       |     1 |       ||     1
    Use: Scroll            |     7 |     4 |     7 |     5 |    11 |     3 ||    37
         Potion            |     3 |       |     1 |     9 |     7 |     6 ||    26
   Stab: Sleeping          |     3 |     1 |     2 |     3 |     1 |       ||    10
         Confused          |       |       |     2 |     3 |     6 |       ||    11
         Distracted        |       |       |       |     1 |     2 |       ||     3
 Armour: Robe              |    54 |    28 |       |       |       |       ||    82
         Skin              |       |    12 |   109 |       |       |       ||   121
         Steam dragon scal |       |       |    49 |   168 |       |       ||   217
         Acid dragon scale |       |       |       |    64 |   334 |   170 ||   568
  Dodge: Dodged            |    64 |    51 |   181 |   220 |   283 |   130 ||   929

Table legend: (Time is in decaauts)
 A = Elapsed time spent in this place.
 B = Non-inter-level travel time spent in this place.
 C = Inter-level travel time spent in this place.
 D = Time resting spent in this place.
 E = Time spent auto-exploring this place.
 F = Levels seen in this place.
 G = Mean time per level.
                   A        B        C        D        E       F      G
               +--------+--------+--------+--------+--------+-----+--------+
         Total |  66664 |  64465 |   2199 |  35048 |   4187 |  26 | 2564.0 |
       Dungeon |  34259 |  33091 |   1168 |  16773 |   3188 |  15 | 2283.9 |
        Temple |     65 |     51 |     14 |      0 |      0 |   1 |   65.0 |
          Lair |  20238 |  19727 |    511 |  12220 |    624 |   5 | 4047.6 |
        Shoals |   6587 |   6233 |    354 |   3486 |    158 |   3 | 2195.7 |
  Orcish Mines |   5514 |   5362 |    152 |   2568 |    216 |   2 | 2757.0 |
               +--------+--------+--------+--------+--------+-----+--------+

Top non-repeatable levels by time:
  Lair:5: 6511 daAuts
  Lair:2: 4793 daAuts
  Lair:1: 4642 daAuts
   Orc:2: 4362 daAuts
     D:7: 4119 daAuts
    D:14: 3200 daAuts
Shoals:2: 3145 daAuts
     D:6: 3027 daAuts
     D:8: 3024 daAuts
  Lair:4: 2956 daAuts
     D:5: 2491 daAuts
Shoals:1: 2453 daAuts
    D:11: 2407 daAuts
    D:15: 2203 daAuts
    D:10: 2129 daAuts
